 Dungeon Crawl Stone Soup version 0.30.1-11-g7821555f0a (webtiles) character file.

Game seed: 12044578845245050788

81 Agrostarius the Chopper (level 4, -4/61 HPs)
             Began as a Hill Orc Berserker on Nov 23, 2023.
             Was a Believer of Trog.
             Slain by an ogre
             ... wielding a +0 giant spiked club
              (19 damage)
             ... on level 4 of the Dungeon.
             The game lasted 00:07:03 (2367 turns).

Agrostarius the Chopper (Hill Orc Berserker)        Turns: 2367, Time: 00:07:03

Health: -4/61      AC: 11    Str: 21    XL:     4   Next: 42%
Magic:  4/4        EV:  8    Int:  7    God:    Trog [**....]
Gold:   40         SH:  0    Dex: 10    Spells: 3/3 levels left

rFire   . . .        a - +0 hand axe
rCold   . . .        (no shield)
rNeg    . . .        b - +0 chain mail
rPois   .            (no helmet)
rElec   .            o - +0 cloak
rCorr   .            k - +0 pair of gloves
SInv    .            (no boots)
Will    .....        (no amulet) Stlth
                     (no ring)
HPRegen 0.30/turn    (no ring)
MPRegen 0.09/turn

%: no passive effects
@: berserking, very quick
A: no striking features
a: Renounce Religion, Berserk, Trog's Hand


You were on level 4 of the Dungeon.
You worshipped Trog.
Trog was pleased with you.
You visited 1 branch of the dungeon, and saw 4 of its levels.

You collected 40 gold pieces.

Inventory:

Hand Weapons
 a - a +0 hand axe (weapon)
 d - a +2 dagger of protection
 e - a +0 dagger of venom
 t - a +0 long sword
Armour
 b - a +0 chain mail (worn)
 k - a +0 pair of gloves (worn)
 m - a +0 leather armour
 o - a +0 cloak (worn)
 p - a +0 pair of gloves
Scrolls
 c - a scroll of fog {unknown}
 f - a scroll of enchant weapon {unknown}
 g - a scroll of magic mapping {unknown}
 j - a scroll of identify {unknown}
 n - a scroll of blinking {unknown}
 q - a scroll of fear {unknown}
Potions
 h - a potion of cancellation
 i - a potion of curing {unknown}
 l - a potion of haste {unknown}
 r - a potion of brilliance {unknown}
 s - a potion of heal wounds {unknown}
 u - a potion of attraction {unknown}


   Skills:
 + Level 4.6 Fighting
 + Level 5.6 Axes
 + Level 2.7 Armour
 - Level 1.5 Dodging


You had 3 spell levels left.
You didn't know any spells.
Your spell library contained the following spells:

 Spells                   Type           Power      Damage    Failure   Level
 Animate Dead             Necr           0%         N/A       100%        4
 Haunt                    Necr/Summ      0%         N/A       100%        7
 Infestation              Necr           0%         N/A       100%        8


Dungeon Overview and Level Annotations

Branches:
Dungeon (4/15)
 Temple: D:4-7

Altars:
Elyvilon
Trog

Shops:
D:1 ?[[


Message History

You hit the jackal.
The jackal is heavily wounded.
The jackal bites you but does no damage. x3
You hit the jackal.
You kill the jackal!
Trog accepts your kill.
You hit the jackal.
You kill the jackal!
Trog accepts your kill.
You see here a book of Death.
You pick up a book of Death and begin reading...
You add the spells Animate Dead, Haunt and Infestation to your library.
There is a white marble altar of Elyvilon here.
You kneel at the altar of Elyvilon.
Found a chain mail.
Found a stone staircase leading up.
No target in view!
An ogre comes into view. It is wielding a +0 giant spiked club.
You hit the ogre but do no damage. The ogre hits you but does no damage.
You hit the ogre but do no damage. You hit the ogre but do no damage.
The ogre barely misses you.
You hit the ogre.
The ogre is lightly wounded.
The ogre hits you but does no damage.
You barely miss the ogre.
The ogre is lightly wounded.
You slash the ogre!
The ogre is moderately wounded.
The ogre misses you.
You hit the ogre.
The ogre is heavily wounded.
The ogre hits you with a +0 giant spiked club!!
Ouch! That really hurt!
* * * LOW HITPOINT WARNING * * *
A red film seems to cover your vision as you go berserk!
You feel yourself moving faster!
You feel mighty!
You slash the ogre!
The ogre is severely wounded.
The ogre hits you with a +0 giant spiked club!!
You die...

#. # #. .# # #.
##...
#.##.######.....
##...............
......$.$.....#..
#.@O........
###..#######..
#.[.........
#<#..#######
#.#..##### #
#......#
#.....#.##.##
#.....###...#######
#...###~~...~~#...


You could see an ogre.

Vanquished Creatures
  2 worms
  2 dart slugs (D:1)
  An orc (D:4)
  4 bats
  4 endoplasms
  4 giant cockroaches
  5 goblins
  3 hobgoblins
  5 jackals
  9 kobolds
  4 quokkas
  6 ball pythons
  9 frilled lizards
  8 rats
66 creatures vanquished.

Vanquished Creatures (others)
  A hobgoblin (D:4)
1 creature vanquished.

Grand Total: 67 creatures vanquished

Notes
Turn   | Place    | Note
-------+----------+-------------------------------------------
     0 | D:1      | Agrostarius the Hill Orc Berserker began the quest for the
                  | Orb.
     0 | D:1      | Reached XP level 1. HP: 19/19 MP: 1/1
   129 | D:1      | Reached XP level 2. HP: 26/27 MP: 2/2
   307 | D:1      | Found Exoyg's Antique Armour Boutique.
   316 | D:1      | Found Kiclyap's Magic Scroll Emporium.
   528 | D:1      | Reached XP level 3. HP: 32/33 MP: 3/3
   600 | D:1      | Reached ** piety under Trog
   933 | D:1      | Reached skill level 5 in Axes
   946 | D:1      | HP: 1/34 [poisoned by a goblin]
  1182 | D:1      | Found Irgha's Armour Shoppe.
  1454 | D:2      | Reached XP level 4. HP: 41/41 MP: 4/4
  2246 | D:4      | Found a bloodstained altar of Trog.
  2324 | D:4      | Found a white marble altar of Elyvilon.
  2354 | D:4      | Noticed an ogre
  2367 | D:4      | Slain by an ogre

Illustrated notes

Levels and vault maps discovered:
D:1:      onia_arrival_handbag, layout_loops_corners, serial_shops,
          nicolae_shop_behind_doors, nicolae_shop_statue_plus, shop,
          chequers_serial_rivers_large_b, minmay_unequal
D:2:      layout_basic
D:3:      layout_basic, nicolae_dithmenos_the_darkroom
D:4:      layout_loops_ring, trog_butcher_becter, elyvilon_altar_4,
          mainiacjoe_overflow_24_doors, mainiacjoe_overflow_alcove_4,
          zin_treasury, minmay_temple_entry_mist, minmay_close_crescents

Skill      XL: |  1  2  3 |
---------------+----------+-----
Fighting       | 4 |  4.6
Axes           | 5 |  5.6
Armour         | |  2.7
Dodging        | |  1.5

Action                     |  1- 3 |  4- 6 || total
---------------------------+-------+-------++-------
  Melee: Hand axe          |   125 |    63 ||   188
 Invoke: Berserk           |       |     1 ||     1
    Use: Potion            |     2 |       ||     2
   Stab: Sleeping          |     2 |       ||     2
 Armour: Animal skin       |    25 |       ||    25
         Leather armour    |     3 |       ||     3
         Chain mail        |       |    31 ||    31
  Dodge: Dodged            |    89 |    20 ||   109
